 Dungeon Crawl Stone Soup version 0.20.0-1-g1cb1d84 (webtiles) character file.

2619 Inarius the Magician (level 9, -7/67 HPs)
             Began as a Pale Draconian Venom Mage on May 26, 2017.
             Was a Follower of Vehumet.
             Mangled by Nordron's ghost (24 damage)
             ... on level 7 of the Dungeon.
             The game lasted 00:34:10 (8015 turns).

Inarius the Magician (Pale Draconian Venom Mage)    Turns: 8015, Time: 00:34:11

Health: -7/67      AC:  8    Str: 15    XL:     9   Next: 34%
Magic:  11/19      EV: 15    Int: 19    God:    Vehumet [*.....]
Gold:   311        SH:  0    Dex: 12    Spells: 2/22 levels left

rFire    . . .     SeeInvis .   h - +2 falchion (elec)
rCold    . . .     Gourm    .   (no shield)
rNeg     . . .     Faith    .   (armour unavailable)
rPois    .         Spirit   .   (helmet restricted)
rElec    .         Reflect  .   (no cloak)
rCorr    .         Harm     .   D - +0 pair of gloves
MR       +....                  (no boots)
Stlth    ++........             t - amulet of magic regeneration
Regen    0.3/turn               p - +2 ring of evasion
MPRegen  0.3/turn               f - ring of protection from magic

@: mighty, short of breath, very slightly contaminated
A: breathe steam, unfitting armour, cold-blooded, AC +7
a: Breathe Steam, Renounce Religion


You were on level 7 of the Dungeon.
You worshipped Vehumet.
Vehumet was aware of your devotion.
You were not hungry.

You visited 2 branches of the dungeon, and saw 8 of its levels.

You collected 311 gold pieces.

Inventory:

Hand Weapons
 h - a +2 falchion of electrocution (weapon)
 y - a +0 lajatang
Armour
 D - a +0 pair of gloves (worn)
Jewellery
 f - a ring of protection from magic (right hand)
 o - an uncursed amulet of regeneration
 p - a +2 ring of evasion (left hand)
 q - an uncursed ring of resist corrosion
 t - an amulet of magic regeneration (around neck)
Wands
 m - a wand of flame (15/48)
 E - a wand of polymorph (8/24)
Scrolls
 e - a scroll of fear
 i - 2 scrolls of amnesia
 j - 2 scrolls of fog {unknown}
 l - 2 scrolls of remove curse {unknown}
 r - a scroll of blinking
 u - 2 scrolls of enchant armour
 v - a scroll of immolation {unknown}
Potions
 g - 3 potions of flight {unknown}
 k - 5 potions of curing
 n - 3 potions of haste {unknown}
 s - a potion of degeneration {unknown}
 x - a potion of agility {unknown}
 z - a potion of lignification {unknown}
Books
 a - a Young Poisoner's Handbook

   Spells                             Type                      Level
   a - Sting                          Conjuration/Poison           1
   b - Poisonous Vapours              Poison/Air                   2
   c - Mephitic Cloud                 Conjuration/Poison/Air       3
   d - Olgreb's Toxic Radiance        Poison                       4
   e - Venom Bolt                     Conjuration/Poison           5
 w - a book of Minor Magic

   Spells                             Type                      Level
   a - Magic Dart                     Conjuration                  1
   b - Blink                          Translocation                2
   c - Call Imp                       Summoning                    2
   d - Slow                           Hexes                        2
   e - Conjure Flame                  Conjuration/Fire             3
   f - Mephitic Cloud                 Conjuration/Poison/Air       3
 B - a book of Cantrips

   Spells                             Type                      Level
   a - Confusing Touch                Hexes                        1
   b - Animate Skeleton               Necromancy                   1
   c - Summon Small Mammal            Summoning                    1
   d - Apportation                    Translocation                1
Comestibles
 b - 10 bread rations
 c - 4 meat rations
 d - 3 royal jellies
 A - 2 fruits
 F - a chunk of flesh


   Skills:
 + Level 1.8 Fighting
   Level 1.6(1.8) Short Blades
 - Level 1.0(1.4) Long Blades
 - Level 1.0 Staves
 + Level 3.5 Dodging
 - Level 2.0 Stealth
 + Level 0.4 Unarmed Combat
 + Level 7.3 Spellcasting
 + Level 1.5 Conjurations
 + Level 6.5 Air Magic
 + Level 6.8 Poison Magic
 + Level 1.0 Evocations


You had 2 spell levels left.
You knew the following spells:

 Your Spells              Type           Power        Failure   Level  Hunger
a - Sting                 Conj/Pois      ###.         1%          1    None
b - Poisonous Vapours     Pois/Air       ####..       1%          2    None
c - Olgreb's Toxic Radia  Pois           ####....     6%          4    ###....
d - Mephitic Cloud        Conj/Pois/Air  ####....     3%          3    #......
e - Sandblast             Erth           #.....       10%         1    None
f - Venom Bolt            Conj/Pois      ###.......   43%         5    #####..
g - Conjure Flame         Conj/Fire      #.......     22%         3    #......
h - Apportation           Tloc           #.....       10%         1    None


Dungeon Overview and Level Annotations

Branches:
Dungeon (7/15)             Temple (1/1) D:5

Altars:
Fedhas
Hepliaklqana
Ru
Sif Muna
Vehumet

Annotations:
D:5 Grinder
D:7 Nordron's ghost, novice TrHu


Innate Abilities, Weirdness & Mutations

You can breathe blasts of scalding, opaque steam.
Your pale cyan-grey scales are hard. (AC +7)
You cannot fit into any form of body armour.
You are cold-blooded and may be slowed by cold attacks.


Message History

The crimson imp hits you but does no damage.
You feel very mighty all of a sudden. Nordron's ghost barely misses you.
The crimson imp blinks!
You hit Nordron's ghost. You tail-slap Nordron's ghost!
Nordron's ghost is heavily damaged.
Nordron's ghost closely misses you.
The adder skeleton is engulfed in a cloud of scalding steam.
You closely miss Nordron's ghost.
Nordron's ghost is heavily damaged.
Nordron's ghost hits you but does no damage.
The crimson imp blinks!
You slash Nordron's ghost!
Nordron's ghost is heavily damaged.
Nordron's ghost hits you!
You closely miss Nordron's ghost.
Nordron's ghost is heavily damaged.
Nordron's ghost hits you!
* * * LOW HITPOINT WARNING * * *
Nordron's ghost hits you!!
You die...

############
#######..........#######
.......................#
#......#)#######.#####.
#.######..# #@#
#.######.## ####W#
.......#..# #.##Z#####.
.......#### #...5.......
#.###### ####.###.#.#
#.# #.# #.# #.# #.# #..
#.# ###


You could see Nordron's ghost, a crimson imp and an adder skeleton.

Vanquished Creatures
  Sigmund (D:6)
  A spriggan (D:7)
  The ghost of Hailrake the Poker, an amateur MfBe of Trog (D:3)
  Edmund (D:6)
  2 orc warriors (D:6)
  2 phantoms
  A necrophage (D:6)
  3 ogres
  2 centaurs (D:6)
  A bullfrog (D:6)
  2 scorpions
  3 wights
  A crimson imp (D:6)
  A centaur zombie (D:6)
  A quasit (D:6)
  5 orc priests
  A hound (D:6)
  A centaur skeleton (D:4)
  A gnoll shaman (D:6)
  6 orc wizards
  An iguana (D:6)
  5 worker ants
  Robin (D:2)
  4 gnolls
  9 adders
  2 shadow imps
  An ooze (D:1)
  2 worms
  2 dart slugs (D:1)
  6 leopard geckos
  16 orcs
  A giant cockroach (D:2)
  17 goblins
  6 hobgoblins
  12 jackals
  4 kobolds
  A quokka (D:4)
  A ball python (D:2)
  12 bats
  4 frilled lizards
  A quokka skeleton (D:4)
  11 rats
156 creatures vanquished.

Vanquished Creatures (others)
  A worker ant (D:5)
  A frilled lizard (D:5)
2 creatures vanquished.

Grand Total: 158 creatures vanquished

Notes
Turn   | Place    | Note
-------+----------+-------------------------------------------
     0 | D:1      | Inarius the Draconian Venom Mage began the quest for the Orb.
     0 | D:1      | Reached XP level 1. HP: 14/14 MP: 3/3
   111 | D:1      | Reached XP level 2. HP: 7/20 MP: 0/5
   363 | D:1      | Learned a level 2 spell: Poisonous Vapours
   924 | D:1      | Reached XP level 3. HP: 24/26 MP: 0/6
  1934 | D:2      | Reached XP level 4. HP: 33/33 MP: 1/7
  2000 | D:2      | Learned a level 4 spell: Olgreb's Toxic Radiance
  2144 | D:2      | Noticed Robin
  2147 | D:2      | Reached skill level 1 in Air Magic
  2156 | D:2      | Killed Robin
  2714 | D:3      | Found a faded altar of an unknown god.
  2867 | D:3      | Reached skill level 3 in Spellcasting
  2946 | D:3      | Reached XP level 5. HP: 38/38 MP: 4/9
  2951 | D:3      | Learned a level 3 spell: Mephitic Cloud
  3120 | D:3      | Found a blossoming altar of Fedhas.
  3164 | D:3      | Noticed Hailrake's ghost (amateur MfBe)
  3190 | D:3      | Killed Hailrake's ghost
  3190 | D:3      | Reached skill level 1 in Short Blades
  3190 | D:3      | Reached XP level 6. HP: 36/46 MP: 9/11
  4012 | D:4      | Reached skill level 1 in Fighting
  4012 | D:4      | Reached skill level 4 in Spellcasting
  4611 | D:4      | Reached skill level 5 in Poison Magic
  4611 | D:4      | Your scales start taking on a pale cyan-grey colour.
  4611 | D:4      | Reached XP level 7. HP: 47/52 MP: 9/13
  5215 | D:5      | Entered Level 5 of the Dungeon
  5682 | D:5      | Reached skill level 5 in Spellcasting
  5710 | D:5      | Found a hazy altar of Hepliaklqana.
  5768 | D:5      | Noticed Grinder
  6272 | D:5      | Found a staircase to the Ecumenical Temple.
  6281 | Temple   | Entered the Ecumenical Temple
  6320 | Temple   | Became a worshipper of Vehumet
  6520 | D:6      | Noticed Sigmund
  6528 | D:6      | Killed Sigmund
  6528 | D:6      | Reached XP level 8. HP: 59/59 MP: 1/15
  6801 | D:6      | Reached skill level 5 in Air Magic
  6816 | D:6      | Reached skill level 6 in Spellcasting
  6984 | D:6      | Reached * piety under Vehumet
  6984 | D:6      | Offered knowledge of Sandblast by Vehumet.
  6987 | D:6      | Learned a level 1 spell: Sandblast
  6993 | D:6      | Learned a level 5 spell: Venom Bolt
  7042 | D:6      | Reached skill level 1 in Staves
  7138 | D:6      | Learned a level 3 spell: Conjure Flame
  7163 | D:6      | Reached skill level 1 in Evocations
  7330 | D:6      | Reached XP level 9. HP: 61/67 MP: 7/19
  7389 | D:6      | Learned a level 1 spell: Apportation
  7544 | D:6      | Reached skill level 1 in Long Blades
  7544 | D:6      | Reached skill level 7 in Spellcasting
  7696 | D:6      | Noticed Edmund
  7705 | D:6      | Killed Edmund
  7999 | D:7      | Noticed Nordron's ghost (novice TrHu)
  8015 | D:7      | Mangled by Nordron's ghost

Skill      XL: |  1  2  3  4  5  6  7  8  9 |
---------------+----------------------------+-----
Stealth        | 2 |  2.0
Dodging        | 2 3 |  3.5
Air Magic      | 1 2 3 4 5 6 |  6.5
Poison Magic   | 4 5 6 |  6.8
Spellcasting   | 3 4 5 6 7 |  7.3
Short Blades   | 1 |  1.6
Fighting       | 1 |  1.8
Staves         | 1 |  1.0
Evocations     | 1 |  1.0
Long Blades    | 1 |  1.0
Unarmed Combat | |  0.4
Conjurations   | |  1.5

Action                   |  1- 3 |  4- 6 |  7- 9 || total
-------------------------+-------+-------+-------++-------
Melee: Unarmed           |    18 |       |       ||    18
       Tailslap          |     4 |     8 |    10 ||    22
       Dagger            |    35 |    64 |    37 ||   136
       Lajatang          |       |       |    18 ||    18
       Falchion          |       |       |    26 ||    26
 Cast: Sting             |    27 |       |     5 ||    32
       Poisonous Vapours |    27 |    57 |    75 ||   159
       Olgreb's Toxic Ra |       |     3 |    11 ||    14
       Mephitic Cloud    |       |     1 |       ||     1
       Venom Bolt        |       |       |     1 ||     1
       Conjure Flame     |       |       |     7 ||     7
 Abil: Breathe Steam     |       |       |     5 ||     5
Evoke: Wand              |       |       |    12 ||    12
  Use: Scroll            |       |     3 |     5 ||     8
       Potion            |       |     1 |     2 ||     3
  Eat: Chunk             |     5 |    12 |    12 ||    29
       Fruit             |       |       |     2 ||     2
Armor: Skin              |    23 |    31 |    29 ||    83
Dodge: Dodged            |    41 |    66 |    87 ||   194
       Rpst.: Falchion   |       |       |    11 ||    11
